 Dungeon Crawl Stone Soup version 0.28-a0-194-g42b4daccc1 (webtiles) character file.

Game seed: 16722854712116538527

135 siradein the Skirmisher (level 5, 0/57 HPs)
             Began as an Ogre Berserker on Aug 19, 2021.
             Was a Believer of Trog.
             Slain by an orc (1 damage)
             ... on level 3 of the Dungeon.
             The game lasted 00:03:21 (2205 turns).

siradein the Skirmisher (Ogre Berserker)            Turns: 2205, Time: 00:03:22

Health: 0/57       AC:  3    Str: 21    XL:     5   Next: 18%
Magic:  5/5        EV: 10    Int:  8    God:    Trog [**....]
Gold:   102        SH:  0    Dex:  9    Spells: 4/4 levels left

rFire   . . .      SeeInvis .   a - +0 mace
rCold   . . .      Faith    .   (no shield)
rNeg    . . .      Spirit   .   b - +0 animal skin
rPois   .          Reflect  .   (helmet restricted)
rElec   .          Harm     .   (no cloak)
rCorr   .          Rampage  .   (gloves unavailable)
Will    .....                   (boots unavailable)
Stlth   +.........              (no amulet)
HPRegen 0.19/turn               (no ring)
MPRegen 0.09/turn               (no ring)

@: on berserk cooldown, slowed, very slow
A: large, unfitting armour, tough skin 1
a: Renounce Religion, Berserk, Trog's Hand


You were on level 3 of the Dungeon.
You worshipped Trog.
Trog was pleased with you.
You visited 1 branch of the dungeon, and saw 3 of its levels.

You collected 126 gold pieces.
You spent 24 gold pieces at shops.

Inventory:

Hand Weapons
 a - a +0 mace (weapon)
Armour
 b - a +0 animal skin (worn)
Scrolls
 d - a scroll of torment {unknown}
 e - a scroll of vulnerability {unknown}
 f - a scroll of fog {unknown}
 g - 3 scrolls of blinking {unknown}
 h - a scroll of teleportation {unknown}
 i - a scroll of summoning {unknown}
Potions
 c - a potion of curing
 j - 2 potions of heal wounds {unknown}


   Skills:
 + Level 5.4 Fighting
 + Level 3.7 Maces & Flails
 + Level 3.7 Dodging


You had 4 spell levels left.
You didn't know any spells.
Your spell library was empty.

Dungeon Overview and Level Annotations

Branches:
Dungeon (3/15)

Altars:

Shops:
D:2 ?


Innate Abilities, Weirdness & Mutations

You are too large for most types of armour.
You have tough skin. (AC +1)


Message History

The ice beast is severely wounded.
The ice beast hits you but does no damage.
The orc hits you with a +0 short sword.
You bludgeon the ice beast!!
You kill the ice beast!
Trog accepts your kill.
You are no longer berserk.
You are exhausted.
You feel yourself slow down. The orc hits you with a +0 short sword.
* * * LOW HITPOINT WARNING * * *
Your Fighting skill increases to level 5!
You have reached level 4!
You have reached level 5!
You hit the orc.
The orc is heavily wounded.
Your skin stops crawling.
You feel less strong-willed. The orc hits you but does no damage.
The orc hits you with a +0 short sword.
* * * LOW HITPOINT WARNING * * *
You closely miss the orc.
The orc is heavily wounded.
The orc hits you with a +0 short sword.
* * * LOW HITPOINT WARNING * * *
The orc hits you with a +0 short sword.
* * * LOW HITPOINT WARNING * * *
You barely miss the orc.
The orc is heavily wounded.
A bat comes into view.
The orc barely misses you. The orc hits you but does no damage.
You hit the orc but do no damage.
The orc is heavily wounded.
The orc barely misses you. The bat closely misses you.
You closely miss the orc.
The orc is heavily wounded.
The bat barely misses you. x2; The orc barely misses you.
The orc hits you with a +0 short sword.
* * * LOW HITPOINT WARNING * * *
The bat hits you but does no damage. The orc hits you with a +0 short sword.
* * * LOW HITPOINT WARNING * * *
The orc hits you with a +0 short sword.
You die...

... ...
###.###
######...$.##
#...........#
#...........#
#...........#
#.......@...#
#......o....#
#.......b...#
#...........#
#...........#
#...........#
#.....♣P.P♣.#
#.###♣♣P≈P♣##


You could see an orc and a bat.

Vanquished Creatures
  An ice beast (D:3)
  5 endoplasms
  5 goblins
  6 kobolds
  2 quokkas
  9 ball pythons
  6 bats
  3 frilled lizards
  5 rats
42 creatures vanquished.

Vanquished Creatures (others)
  2 plants (D:3)
2 creatures vanquished.

Grand Total: 44 creatures vanquished

Notes
Turn   | Place    | Note
-------+----------+-------------------------------------------
     0 | D:1      | siradein the Ogre Berserker began the quest for the Orb.
     0 | D:1      | Reached XP level 1. HP: 24/24 MP: 1/1
    20 | D:1      | Found a faded altar of an unknown god.
   411 | D:1      | Reached XP level 2. HP: 26/32 MP: 2/2
  1056 | D:1      | Reached ** piety under Trog
  1057 | D:1      | Reached XP level 3. HP: 40/40 MP: 3/3
  1398 | D:2      | Found Wetzijir's Magic Scroll Shop.
  1404 | D:2      | Bought a scroll of identify for 24 gold pieces
  2187 | D:3      | Noticed an ice beast
  2199 | D:3      | Killed an ice beast
  2200 | D:3      | Reached skill level 5 in Fighting
  2200 | D:3      | Reached XP level 4. HP: 12/50 MP: 4/4
  2200 | D:3      | Reached XP level 5. HP: 14/57 MP: 5/5
  2205 | D:3      | HP: 1/57 [orc (3)]
  2205 | D:3      | Slain by an orc

Illustrated notes

Levels and vault maps discovered:
D:1:      onia_arrival_mini_spirals, layout_basic, serial_co_window_serial,
          co_window_paths_b, co_window_of_opportunity_a, co_window_corner_a,
          co_window_cross_1, co_window_paths_b, co_window_paths_a,
          co_window_corner_a, co_window_corner_b, co_window_of_opportunity_b,
          co_window_broadway_c, co_window_corner_b, co_window_of_opportunity_c,
          co_window_sun, glass_columns_c, glass_columns_b, glass_columns_a,
          glass_columns_c, hellmonk_ecumenical_altar_lost_god
D:2:      layout_rooms, serial_shops, shop, patterned_corridor
D:3:      layout_basic, serial_bayou, serial_bayou_pond_e,
          serial_bayou_crossing, serial_bayou_ford_a, serial_bayou_lagoon_b,
          uniq_purgy, uniq_robin

Skill      XL: |  1  2  3 |
---------------+----------+-----
Maces & Flails | 3 |  3.7
Dodging        | 3 |  3.7
Fighting       | 5 |  5.4

Action                   |  1- 3 |  4- 6 || total
-------------------------+-------+-------++-------
Melee: Mace              |   135 |     5 ||   140
Invok: Berserk           |     1 |       ||     1
       Trog's Hand       |     1 |       ||     1
  Use: Scroll            |     1 |       ||     1
 Stab: Sleeping          |     1 |       ||     1
Armor: Animal skin       |    54 |     3 ||    57
Dodge: Dodged            |    83 |     6 ||    89

Table legend: (Time is in decaauts)
 A = Elapsed time spent in this place.
 B = Non-inter-level travel time spent in this place.
 C = Inter-level travel time spent in this place.
 D = Time resting spent in this place.
 E = Time spent auto-exploring this place.
 F = Levels seen in this place.
 G = Mean time per level.
                   A        B        C        D        E       F      G
               +--------+--------+--------+--------+--------+-----+--------+
         Total |   2239 |   2212 |     27 |      0 |   1892 |   3 |  746.3 |
       Dungeon |   2239 |   2212 |     27 |      0 |   1892 |   3 |  746.3 |
               +--------+--------+--------+--------+--------+-----+--------+

Top non-repeatable levels by time:
     D:1: 1413 daAuts
     D:2: 805 daAuts
     D:3: 20 daAuts
